 Dungeon Crawl Stone Soup version 0.30.1-11-g7821555f0a (webtiles) character file.

Game seed: 8052891316032985537

219 lonewolfV2 the Shield-Bearer (level 5, 0/41 HPs)
             Began as a Demonspawn Fighter on Oct 27, 2023.
             Slain by a river rat (1 damage)
             ... summoned by Eustachio
             ... on level 4 of the Dungeon.
             The game lasted 00:02:28 (1380 turns).

lonewolfV2 the Shield-Bearer (Demonspawn Fighter)   Turns: 1380, Time: 00:02:29

Health: 0/41       AC: 10    Str: 18    XL:     5   Next: 63%
Magic:  5/5        EV: 10    Int:  9    God:
Gold:   58         SH:  5    Dex: 13    Spells: 4/4 levels left

rFire   . . .        a - +0 war axe
rCold   . . .        c - +0 buckler
rNeg    . . .        b - +0 scale mail
rPois   .            (no helmet)
rElec   .            (no cloak)
rCorr   .            (no gloves)
SInv    .            (no boots)
Will    .....        (no amulet) Stlth
                     (no ring)
HPRegen 0.26/turn    (no ring)
MPRegen 0.09/turn

%: no passive effects
@: mighty
A: claws 1, icy blue scales 2, demonic guardian 1
a: no special abilities


You were on level 4 of the Dungeon.
You visited 1 branch of the dungeon, and saw 3 of its levels.

You collected 58 gold pieces.

Inventory:

Hand Weapons
 a - a +0 war axe (weapon)
Armour
 b - a +0 scale mail (worn)
 c - a +0 buckler (worn)
Scrolls
 h - a scroll of poison {unknown}
 i - a scroll of enchant armour {unknown}
 j - a scroll of identify {unknown}
 m - a scroll of summoning {unknown}
Potions
 e - 2 potions of haste {unknown}
 f - a potion of mutation {unknown}
 g - a potion of flight {unknown}
 k - a potion of resistance {unknown}
 l - 2 potions of curing {unknown}


   Skills:
 - Level 3.0 Fighting
 - Level 1.7 Axes
 + Level 3.7 Armour
 * Level 3.4 Dodging
 + Level 3.7 Shields


You had 4 spell levels left.
You didn't know any spells.
Your spell library contained the following spells:

 Spells                   Type           Power      Damage    Failure   Level
 Vhi's Electric Charge    Tloc/Air       0%         N/A       99%         3
 Arcjolt                  Conj/Air       0%         1d10      100%        5
 Plasma Beam              Fire/Air       0%         2x1d11    100%        6


Dungeon Overview and Level Annotations

Branches:
Dungeon (2/15)

Altars:

Shops:
D:1 (

Annotations:
D:4 Eustachio


Innate Abilities, Weirdness & Mutations

You have sharp fingernails.
You are mostly covered in icy blue scales. (AC +3)
A weak demonic guardian rushes to your aid.


Message History

The gnoll dies!
Eustachio brags, "I can call spirits from the vasty deep."
Eustachio hits you with a +0 falchion. The quokka barely misses you.
You barely miss Eustachio.
Eustachio is moderately wounded.
You closely miss the quokka. You slash the river rat!
You block the river rat's attack. The quokka barely misses you.
Eustachio hits you but does no damage.
Your quasit bites Eustachio but does no damage.
Your quasit closely misses Eustachio.
Your quasit barely misses Eustachio.
The quokka bites you.
The river rat bites you but does no damage.
You hit Eustachio.
Eustachio is moderately wounded.
You barely miss the quokka. You barely miss the river rat.
Your quasit bites Eustachio but does no damage.
Your quasit claws Eustachio but does no damage.
Your quasit claws Eustachio.
Eustachio hits you with a +0 falchion!
* * * LOW HITPOINT WARNING * * *
The jelly misses your quasit. The quokka bites you.
* * * LOW HITPOINT WARNING * * *
The river rat closely misses you.
Your quasit barely misses Eustachio.
Your quasit claws Eustachio but does no damage. x2
Eustachio hits you with a +0 falchion.
* * * LOW HITPOINT WARNING * * *
The jelly closely misses your quasit.
Unknown command.
You closely miss Eustachio.
Eustachio is moderately wounded.
You closely miss the quokka. You barely miss the river rat.
Your quasit disappears in a puff of smoke!
The quokka bites you but does no damage.
The river rat closely misses you.
Eustachio casts a spell.
Eustachio blinks!
The quokka barely misses you. The river rat bites you.
* * * LOW HITPOINT WARNING * * *
You feel very mighty all of a sudden. The quokka closely misses you.
The jelly hits you but does no damage. The river rat bites you.
You die...

..# #.# #.# #.# #.# #.#
#.###########.##############
#...rb.55gJ@r...@...........
#.r########§r....(..........
# #.################ #.# #.#
#.# #.# #.# #.#


You could see Eustachio, a jelly, an iron imp (summoned), a gnoll, 2 river rats,
a white imp (summoned), a quokka (summoned) and a bat (summoned).

Vanquished Creatures
  A sky beast (D:4)
  A hound (D:4)
  An orc wizard (D:4)
  A gnoll (D:4)
  A dart slug (D:1)
  6 orcs
  2 bats
  An endoplasm (D:1)
  A giant cockroach (D:1)
  A goblin (D:1)
  3 hobgoblins (D:1)
  2 jackals (D:2)
  3 quokkas
  4 ball pythons
  A frilled lizard (D:1)
  2 kobolds (D:1)
  3 rats
34 creatures vanquished.

Vanquished Creatures (collateral kills)
  A gnoll (D:4)
1 creature vanquished.

Vanquished Creatures (others)
  An orc wizard (D:4)
1 creature vanquished.

Grand Total: 36 creatures vanquished

Notes
Turn   | Place    | Note
-------+----------+-------------------------------------------
     0 | D:1      | lonewolfV2 the Demonspawn Fighter began the quest for the
                  | Orb.
     0 | D:1      | Reached XP level 1. HP: 18/18 MP: 1/1
   181 | D:1      | Found Xoiptiq's Weapon Shoppe.
   260 | D:1      | Reached skill level 1 in Dodging
   260 | D:1      | Gained mutation: You are partially covered in icy blue
                  | scales. (AC +2) [demonic ancestry]
   260 | D:1      | Reached XP level 2. HP: 14/24 MP: 2/2
   483 | D:1      | Found a faded altar of an unknown god.
   842 | D:2      | Gained mutation: You have sharp fingernails. [demonic
                  | ancestry]
   842 | D:2      | Reached XP level 3. HP: 25/29 MP: 3/3
   951 | D:2      | You fall into a shaft and drop 2 floors!
   968 | D:4      | Noticed a sky beast
   984 | D:4      | Killed a sky beast
   985 | D:4      | Gained mutation: A weak demonic guardian rushes to your
                  | aid. [demonic ancestry]
   985 | D:4      | Reached XP level 4. HP: 20/35 MP: 4/4
  1160 | D:4      | Gained mutation: You are mostly covered in icy blue scales.
                  | (AC +3) [demonic ancestry]
  1160 | D:4      | Reached XP level 5. HP: 32/41 MP: 5/5
  1350 | D:4      | Noticed Eustachio
  1379 | D:4      | HP: 1/41 [river rat[Eustachio] (4)]
  1380 | D:4      | Slain by a river rat

Illustrated notes

Levels and vault maps discovered:
D:1:      tarquinn_simple_flora_water_e, layout_loops_ring,
          shapermc_ecumenical_altar_venn, serial_shops, nicolae_shop_scrapyard,
          minivault_25, minivault_14
D:2:      kennysheep_six_static_rooms, layout_basic, basic_altar, wad_orctagon
D:4:      layout_basic, uniq_eustachio

Skill      XL: |  1  2  3  4  5 |
---------------+----------------+-----
Dodging        | 1 2 3 |  3.4
Shields        | 3 |  3.7
Armour         | 3 |  3.7
Fighting       | |  3.0
Axes           | |  1.7

Action                     |  1- 3 |  4- 6 || total
---------------------------+-------+-------++-------
  Melee: War axe           |    88 |    49 ||   137
    Use: Potion            |       |     1 ||     1
 Armour: Scale mail        |    70 |    28 ||    98
  Dodge: Dodged            |    66 |    20 ||    86
  Block: Buckler           |    21 |    13 ||    34
